 Dungeon Sprint DCSS version 0.17-a0-1210-g1e4f09d (webtiles) character file.

276241 Kidiri the Imperceptible (level 12, 65/72 HPs)
             Began as a Spriggan Assassin on June 3, 2015.
             Was the Champion of Dithmenos.
             Escaped with the Orb!
             The game lasted 00:32:05 (3686 turns).

Kidiri the Imperceptible (Spriggan Assassin)        Turns: 3686, Time: 00:32:05

Health: 65/72      AC:  7    Str:  7    XL:     12   Next: 61%
Magic:  14/14      EV: 37    Int: 16    God:    Dithmenos [******]
Gold:   2014       SH:  0    Dex: 21    Spells: 0 memorised, 11 levels left

rFire  + . .     SeeInvis +     a - +2 dagger
rCold  . . .     Clarity  .     s - +2 robe {rF+}
rNeg   . . .     SustAt   .     (shield restricted)
rPois  .         Gourm    .     t - +2 hat
rElec  .         Spirit   .     d - +0 cloak
rCorr  .         Warding  .     (gloves unavailable)
rMut   .         NoTele   +     (boots unavailable)
MR     ++...                    (no amulet)
Stlth  +++++++...               (no ring)
                                (no ring)

@: very slightly contaminated, wreathed by umbra, very quick, very resistant to
hostile enchantments, extremely stealthy
A: unfitting armour, horns 1, see invisible, clever 1, herbivore 3, speed 3,
high mp 1, screaming 1, slow metabolism 2
a: Shadow Step, Shadow Form, Renounce Religion
0: Orb of Zot


You escaped.
You worshipped Dithmenos.
Dithmenos was exalted by your worship.
You were full.

You visited 1 branch You collected 2927 gold pieces.
You spent 913 gold pieces at shops.

Inventory:

Hand weapons
 a - a +2 dagger (weapon)
 b - a +0 blowgun
 i - a +0 shortbow
 r - a +0 short sword of draining
Missiles
 e - 26 poisoned needles
 f - 6 curare-tipped needles
 h - 77 arrows
Armour
 d - a +0 cloak (worn)
 s - a +2 robe of fire resistance (worn)
 t - a +2 hat (worn)
 y - the +1 robe of Salvation {Int+3}
   (You found it in the Dungeon)

   It affects your intelligence (+3).
Magical devices
 c - a wand of frost (30)
 p - a wand of cold (7)
 w - a wand of enslavement (22)
Scrolls
 m - a scroll of random uselessness
 o - a scroll of amnesia {unknown}
 q - 2 scrolls of recharging {unknown}
 u - 2 scrolls of magic mapping
Potions
 j - 6 potions of curing
 k - 2 potions of magic
 l - a potion of berserk rage
 n - a potion of lignification
 v - 3 potions of heal wounds
 z - a potion of ambrosia {unknown}
Comestibles
 g - 3 bread rations


   Skills:
 * Level 12.7 Fighting
 * Level 15.7 Short Blades
 * Level 15.9 Throwing
 * Level 19.6 Dodging
 * Level 21.5 Stealth
 + Level 0.0 Invocations
 + Level 0.0 Evocations


You had 11 spell levels left.
You didn't know any spells.

Dungeon Overview and Level Annotations

Branches:
Dungeon (1/1)

Altars:
Cheibriados
Dithmenos
Elyvilon
Fedhas
Gozag
Kikubaaqudgha
Makhleb
Nemelex Xobeh
Okawaru
Qazlal
Ru
Sif Muna
Trog
Vehumet
Xom
Yredelemnul
Zin
The Shining One
Jiyva

Shops:
D ??[:[}*=!}=%[**[[

Annotations:
D Tiamat


Innate Abilities, Weirdness & Mutations

You are tiny and cannot use many weapons and most armour.
You have supernaturally acute eyesight.
You are a herbivore.
You cover ground extremely quickly.
You need consume almost no food.
You have a pair of small horns on your head.
Your mind is acute. (Int +2)
You have an increased reservoir of magic (+10% MP).
You occasionally shout uncontrollably at your foes.


Message History

As you read the scroll of blinking, it crumbles to dust.
You see here a great sword of flaming.
There is an open door here.
The daeva calls down the wrath of the Shining One upon you.
Something smites you!
There is an open door here.
There is an open door here.
There is an open door here.
There is an open door, spattered with blood here.
There is an open door here.
There is an open door here.
There is an open door here.
There is an open door here.
There is an open door here.
You see here a giant club.
There is an open door here.
You see here a club.
There is an open door here.
There is a staircase leading out of the dungeon here.
You have escaped!

##################
#@.#..'..#.)'..#__
#..').#.)'..#..'..
#..#####'#####'#__
#..####..#...#.###
#..#__####..##§#§§
#..#_..__##'#.§§§≈
#⌠⌠#_.∩...'..§§#§§
####_..._##§.#§##.
*,,#_____###'#.#..


There were no monsters in sight!

Vanquished Creatures
  A golden dragon (D)
  A shadow dragon (D)
  4 fire giants (D)
  A hydra (D)
  2 centaur warriors (D)
  Sonja (D)
  A deep troll (D)
  7 unseen horrors (D)
  A lindwurm (D)
  An oklob plant (D)
  2 kobold demonologists (D)
  4 demonic crawlers (D)
  A slime creature (D)
  A yak (D)
  Sigmund (D)
  4 trapdoor spiders (D)
  13 hogs (D)
  A wasp (D)
  7 necrophages (D)
  An ogre (D)
  8 jellies (D)
  Ijyb (D)
  3 giant eyeballs (D)
  A giant spore (D)
  2 ballistomycetes (D)
70 creatures vanquished.

Vanquished Creatures (others)
  A gargoyle (D)
  A giant spore (D)
2 creatures vanquished.

Grand Total: 72 creatures vanquished

Notes
Turn   | Place    | Note
--------------------------------------------------------------
     0 | D        | Kidiri the Spriggan Assassin began the quest for the Orb.
     0 | D        | Reached XP level 1. HP: 10/10 MP: 2/2
     3 | D        | Noticed Ijyb
     9 | D        | Killed Ijyb
     9 | D        | Reached skill level 7 in Stealth
     9 | D        | Reached XP level 2. HP: 14/16 MP: 3/3
    53 | D        | Noticed an ogre
    56 | D        | Killed an ogre
    56 | D        | Reached skill level 8 in Stealth
    56 | D        | Reached XP level 3. HP: 20/20 MP: 4/4
    56 | D        | Reached XP level 4. HP: 25/25 MP: 5/5
    67 | D        | Noticed Sigmund
    70 | D        | Killed Sigmund
    70 | D        | Reached skill level 5 in Short Blades
    70 | D        | Reached skill level 10 in Stealth
    70 | D        | Reached XP level 5. HP: 28/30 MP: 6/6
    93 | D        | Found a deep blue altar of Sif Muna.
    95 | D        | Found a snail-covered altar of Cheibriados.
    95 | D        | Found a viscous altar of Jiyva.
    95 | D        | Found a shadowy altar of Dithmenos.
    95 | D        | Found a blossoming altar of Fedhas.
    95 | D        | Noticed a slime creature
    98 | D        | Killed a slime creature
    98 | D        | Reached skill level 5 in Fighting
    98 | D        | Reached skill level 11 in Stealth
    98 | D        | Reached XP level 6. HP: 33/36 MP: 7/7
   100 | D        | Became a worshipper of Dithmenos the Shadowed
   119 | D        | Noticed a jelly
   120 | D        | Found a radiant altar of Vehumet.
   156 | D        | Killed a jelly
   219 | D        | Found Noduunei's Magic Scroll Emporium.
   219 | D        | Found a white marble altar of Elyvilon.
   219 | D        | Found a stormy altar of Qazlal.
   219 | D        | Found a burning altar of Makhleb.
   219 | D        | Found a sacrificial altar of Ru.
   219 | D        | Found a basalt altar of Yredelemnul.
   219 | D        | Found a glowing golden altar of the Shining One.
   219 | D        | Found a sparkling altar of Nemelex Xobeh.
   219 | D        | Found a shimmering altar of Xom.
   219 | D        | Found an opulent altar of Gozag.
   219 | D        | Found an ancient bone altar of Kikubaaqudgha.
   219 | D        | Found a glowing silver altar of Zin.
   219 | D        | Noticed a yak
   220 | D        | Found an iron altar of Okawaru.
   221 | D        | Killed a yak
   221 | D        | Reached skill level 10 in Dodging
   221 | D        | Reached skill level 12 in Stealth
   221 | D        | Reached XP level 7. HP: 40/40 MP: 8/8
   222 | D        | Found a bloodstained altar of Trog.
   226 | D        | Bought a scroll of identify for 26 gold pieces
   226 | D        | Bought a scroll of identify for 26 gold pieces
   226 | D        | Bought a scroll of magic mapping for 45 gold pieces
   241 | D        | Noticed Sonja
   245 | D        | Killed Sonja
   245 | D        | Reached skill level 13 in Stealth
   245 | D        | Reached XP level 8. HP: 43/46 MP: 9/9
   265 | D        | Found Benaulell's Magic Scroll Boutique.
   353 | D        | Noticed a deep troll
   357 | D        | Killed a deep troll
   357 | D        | Reached skill level 10 in Throwing
   357 | D        | Reached skill level 14 in Stealth
   367 | D        | Found Pinoawoa's Armour Emporium.
   375 | D        | Bought a +2 robe of fire resistance for 194 gold pieces
   375 | D        | Bought a +2 hat for 176 gold pieces
   405 | D        | Noticed a centaur warrior
   406 | D        | Noticed a centaur warrior
   430 | D        | Killed a centaur warrior
   430 | D        | Reached skill level 10 in Short Blades
   430 | D        | Reached skill level 15 in Stealth
   430 | D        | Reached XP level 9. HP: 37/51 MP: 10/10
   443 | D        | Killed a centaur warrior
   443 | D        | Acquired Dithmenos's first power
   597 | D        | Noticed a wasp
   627 | D        | Killed a wasp
   654 | D        | Noticed an oklob plant
   656 | D        | Killed an oklob plant
   656 | D        | Reached skill level 16 in Stealth
   667 | D        | Noticed a trapdoor spider
   678 | D        | Killed a trapdoor spider
   743 | D        | Noticed a trapdoor spider
   762 | D        | Killed a trapdoor spider
   762 | D        | Reached XP level 10. HP: 25/58 MP: 11/11
  1056 | D        | Noticed a trapdoor spider
  1071 | D        | Killed a trapdoor spider
  1078 | D        | Noticed a trapdoor spider
  1088 | D        | Killed a trapdoor spider
  1088 | D        | Acquired Dithmenos's second power
  1200 | D        | Noticed an unseen horror
  1201 | D        | Noticed an unseen horror
  1209 | D        | Killed an unseen horror
  1229 | D        | Killed an unseen horror
  1229 | D        | Reached skill level 15 in Dodging
  1229 | D        | Reached skill level 17 in Stealth
  1241 | D        | Noticed a jelly
  1241 | D        | Noticed a jelly
  1241 | D        | Noticed a jelly
  1241 | D        | Noticed a jelly
  1241 | D        | Noticed a jelly
  1241 | D        | Noticed a jelly
  1241 | D        | Noticed a jelly
  1243 | D        | Killed a jelly
  1244 | D        | Killed a jelly
  1245 | D        | Noticed a necrophage
  1245 | D        | Noticed a necrophage
  1245 | D        | Noticed a necrophage
  1255 | D        | Killed a jelly
  1255 | D        | Acquired Dithmenos's third power
  1257 | D        | Killed a jelly
  1270 | D        | Killed a jelly
  1354 | D        | Killed a jelly
  1451 | D        | HP: 2/58 [acid (4)]
  1452 | D        | Killed a jelly
  1974 | D        | Noticed a necrophage
  1974 | D        | Noticed a necrophage
  1974 | D        | Noticed a necrophage
  1974 | D        | Noticed a necrophage
  1976 | D        | Killed a necrophage
  1978 | D        | Killed a necrophage
  1979 | D        | Killed a necrophage
  1979 | D        | Acquired Dithmenos's fourth power
  1981 | D        | Killed a necrophage
  1982 | D        | Killed a necrophage
  2028 | D        | Killed a necrophage
  2043 | D        | Killed a necrophage
  2080 | D        | Found Otruga's Book Shoppe.
  2080 | D        | Found Duygru's Armour Shop.
  2080 | D        | Found Tom Yric's Armour Boutique.
  2082 | D        | Found Aduiqiw's Gadget Emporium.
  2082 | D        | Found Muduel's General Store.
  2082 | D        | Found Suckyph's Jewellery Shoppe.
  2082 | D        | Found Tyomn's Distillery.
  2082 | D        | Found Nuywk's Gadget Emporium.
  2082 | D        | Found Janushuo's Jewellery Shop.
  2082 | D        | Found Seacysui's Food Shoppe.
  2086 | D        | Found Gixi's Armour Boutique.
  2087 | D        | Found Necwoule's General Store.
  2087 | D        | Found Miruevusm's General Store.
  2088 | D        | Found Micronod's Antique Armour Emporium.
  2090 | D        | Bought a potion of mutation for 27 gold pieces
  2090 | D        | Bought a potion of curing for 33 gold pieces
  2090 | D        | Bought a potion of heal wounds for 55 gold pieces
  2090 | D        | Bought 2 potions of heal wounds for 110 gold pieces
  2090 | D        | Bought a potion of curing for 33 gold pieces
  2090 | D        | Bought a potion of curing for 33 gold pieces
  2090 | D        | Bought a potion of curing for 33 gold pieces
  2090 | D        | Gained mutation: You have a pair of small horns on your head. [potion of mutation]
  2090 | D        | Gained mutation: You are resistant to hostile enchantments. [potion of mutation]
  2090 | D        | Gained mutation: You have an increased reservoir of magic (+10% MP). [potion of mutation]
  2100 | D        | Bought a glowing robe for 17 gold pieces
  2190 | D        | Noticed a kobold demonologist
  2191 | D        | Noticed a kobold demonologist
  2192 | D        | Killed a kobold demonologist
  2192 | D        | Reached skill level 10 in Fighting
  2195 | D        | Killed a kobold demonologist
  2227 | D        | Noticed a demonic crawler
  2227 | D        | Noticed a demonic crawler
  2227 | D        | Noticed a demonic crawler
  2227 | D        | Noticed a demonic crawler
  2229 | D        | Killed a demonic crawler
  2643 | D        | Killed a demonic crawler
  2651 | D        | Killed a demonic crawler
  2678 | D        | Killed a demonic crawler
  2678 | D        | Reached skill level 18 in Stealth
  2851 | D        | Noticed a lindwurm
  2853 | D        | Killed a lindwurm
  2853 | D        | Reached XP level 11. HP: 64/64 MP: 13/13
  2863 | D        | Noticed a hog
  2863 | D        | Noticed a hog
  2863 | D        | Noticed a hog
  2863 | D        | Noticed a hog
  2863 | D        | Noticed a hog
  2865 | D        | Noticed a hog
  2865 | D        | Noticed a hog
  2865 | D        | Noticed a hog
  2865 | D        | Killed a hog
  2866 | D        | Noticed a hog
  2866 | D        | Killed a hog
  2868 | D        | Noticed a hog
  2868 | D        | Noticed a hog
  2868 | D        | Killed a hog
  2869 | D        | Killed a hog
  2871 | D        | Killed a hog
  2872 | D        | Noticed a hog
  2872 | D        | Noticed a hog
  2872 | D        | Killed a hog
  2874 | D        | Killed a hog
  2875 | D        | Killed a hog
  2876 | D        | Killed a hog
  2878 | D        | Killed a hog
  2879 | D        | Killed a hog
  2881 | D        | Killed a hog
  2882 | D        | Killed a hog
  2885 | D        | Noticed a 12-headed hydra
  2887 | D        | Killed a 12-headed hydra
  2963 | D        | Killed a gargoyle
  3043 | D        | Noticed a shadow dragon
  3043 | D        | Noticed a golden dragon
  3044 | D        | Killed a shadow dragon
  3044 | D        | Reached skill level 19 in Stealth
  3045 | D        | Killed a golden dragon
  3045 | D        | Reached skill level 20 in Stealth
  3110 | D        | Got a shimmering robe
  3125 | D        | Identified the +1 robe of Salvation {Int+3} (You found it in the Dungeon)
  3211 | D        | Noticed a daeva
  3214 | D        | Noticed an unseen horror
  3214 | D        | Noticed an unseen horror
  3214 | D        | Noticed an unseen horror
  3215 | D        | Noticed an unseen horror
  3217 | D        | Killed an unseen horror
  3224 | D        | Noticed an unseen horror
  3226 | D        | Killed an unseen horror
  3226 | D        | Reached XP level 12. HP: 62/71 MP: 14/14
  3241 | D        | Killed an unseen horror
  3241 | D        | Reached skill level 15 in Throwing
  3252 | D        | Killed an unseen horror
  3271 | D        | Killed an unseen horror
  3320 | D        | Noticed a fire giant
  3321 | D        | Noticed a fire giant
  3321 | D        | Noticed a fire giant
  3321 | D        | Noticed a fire giant
  3322 | D        | Killed a fire giant
  3322 | D        | Reached skill level 15 in Short Blades
  3324 | D        | Killed a fire giant
  3324 | D        | Reached skill level 21 in Stealth
  3326 | D        | Killed a fire giant
  3330 | D        | Killed a fire giant
  3343 | D        | Gained mutation: You occasionally shout uncontrollably at your foes. [potion of mutation]
  3343 | D        | Gained mutation: Your mind is acute. (Int +2) [potion of mutation]
  3343 | D        | Lost mutation: You are resistant to hostile enchantments. [potion of mutation]
  3360 | D        | Noticed Tiamat
  3514 | D        | Bought a scroll of blinking for 105 gold pieces
  3621 | D        | Got the Orb of Zot
  3686 | D        | Escaped with the Orb!

Vault maps used:
D:        dungeon_sprint_1

Action                   |  1- 3 |  4- 6 |  7- 9 | 10-12 || total
-------------------------+-------+-------+-------+-------++-------
Melee: Dagger            |     2 |     3 |     3 |   122 ||   130
       Short sword       |       |       |    58 |   168 ||   226
 Fire: Blowgun           |     1 |    11 |    10 |    31 ||    53
       Shortbow          |       |       |       |     3 ||     3
Invok: Shadow Step       |       |       |       |     5 ||     5
  Use: Scroll            |       |       |     2 |     5 ||     7
       Potion            |       |       |     2 |     4 ||     6
 Stab: Sleeping          |     2 |     3 |     3 |    37 ||    45
  Eat: Bread ration      |       |       |       |     1 ||     1
